 Dungeon Crawl Stone Soup version 0.30-a0-292-g0f741e3f8e (webtiles) character file.

Game seed: 11153690726974876497

7 droidtality the Trooper (level 1, 0/18 HPs)
             Began as a Demonspawn Fighter on Oct 17, 2022.
             Slain by a gnoll
             ... wielding a +0 spear
              (3 damage)
             ... on level 1 of the Dungeon.
             The game lasted 00:00:48 (268 turns).

droidtality the Trooper (Demonspawn Fighter)         Turns: 268, Time: 00:00:49

Health: 0/18       AC:  6    Str: 16    XL:     1   Next: 83%
Magic:  1/1        EV:  8    Int:  9    God:
Gold:   30         SH:  4    Dex: 12    Spells: 0/0 levels left

rFire   . . .      SeeInvis .    a - +0 war axe
rCold   . . .      Faith    .    c - +0 buckler
rNeg    . . .      Spirit   .    b - +0 scale mail
rPois   .          Reflect  .    (no helmet)
rElec   .          Harm     .    (no cloak)
rCorr   .          Rampage  .    (no gloves)
Will    .....                    (no boots)
Stlth   ..........               (no amulet)
HPRegen 0.23/turn                (no ring)
MPRegen 0.07/turn                (no ring)

@: no status effects
A: no striking features
a: no special abilities


You were on level 1 of the Dungeon.
You visited 1 branch of the dungeon, and saw 1 of its levels.

You collected 30 gold pieces.

Inventory:

Hand Weapons
 a - a +0 war axe (weapon)
Armour
 b - a +0 scale mail (worn)
 c - a +0 buckler (worn)
Scrolls
 f - a scroll of identify {unknown}
Potions
 d - a potion of might
 e - 2 potions of curing {unknown}


   Skills:
 - Level 3.0 Fighting
 * Level 2.4 Axes
 - Level 2.6 Armour
 - Level 2.6 Shields


You couldn't memorise any spells.
You didn't know any spells.
Your spell library was empty.

Dungeon Overview and Level Annotations

Branches:
Dungeon (1/15)

Altars:


Message History

You escape the ball python's grasp.
The ball python attacks as you move away!
The ball python bites you but does no damage.
The ball python barely misses you.
The ball python bites you but does no damage.
The ball python grabs you. The ball python constricts you.
You escape the ball python's grasp.
The ball python attacks as you move away!
The ball python barely misses you. You block the ball python's attack.
The ball python completely misses you. The ball python barely misses you.
You barely miss the ball python.
The ball python bites you but does no damage.
The ball python closely misses you. x2; The ball python grabs you.
The ball python constricts you. The gnoll hits you but does no damage.
You barely miss the ball python. The ball python closely misses you.
The ball python constricts you.
The gnoll hits you from afar with a +0 spear.
You barely miss the ball python.
The ball python bites you but does no damage.
The ball python constricts you.
The gnoll hits you from afar with a +0 spear.
The ball python bites you but does no damage.
The ball python constricts you.
You hit the ball python.
The ball python is severely wounded.
The gnoll hits you but does no damage. You block the ball python's attack.
The ball python constricts you. The gnoll hits you but does no damage.
The ball python bites you but does no damage.
The ball python constricts you.
You slash the ball python!
You kill the ball python!
You block the gnoll's attack. The gnoll hits you with a +0 spear.
* * * LOW HITPOINT WARNING * * *
You barely miss the gnoll. The gnoll hits you but does no damage.
The gnoll hits you with a +0 spear.
* * * LOW HITPOINT WARNING * * *
You barely miss the gnoll. You block the gnoll's attack.
You hit the gnoll but do no damage. The gnoll hits you with a +0 spear.
You die...

P.......P~~≈#..>.#.#
.........P~~#)#.##.# #
.......)..P~#...##.#.#.##
...........P#.............
.........[....#.##.#...###
###########.........####
#.###.#####
#.###.###########
#.....@gK.......#
#####.#########.# #.# #.#
#.# #g# #.# #.# #.# #K#
#.# #.# #.# #.# #######.#


You could see a gnoll and a kobold.

Vanquished Creatures
  A bat (D:1)
  An endoplasm (D:1)
  A quokka (D:1)
  A ball python (D:1)
  2 kobolds (D:1)
6 creatures vanquished.

Notes
Turn   | Place    | Note
-------+----------+-------------------------------------------
     0 | D:1      | droidtality the Demonspawn Fighter began the quest for the
                  | Orb.
     0 | D:1      | Reached XP level 1. HP: 18/18 MP: 1/1
   268 | D:1      | Slain by a gnoll

Illustrated notes

Levels and vault maps discovered:
D:1:      eino_arrival_druids_welcome, layout_basic, serial_shops, shop_statue

Skill      XL: |  1 |
---------------+----+-----
Axes           | 2 |  2.4
Fighting       | |  3.0
Armour         | |  2.6
Shields        | |  2.6

Action                   || total
-------------------------++-------
Melee: War axe           ||    18
Armor: Scale mail        ||    29
Dodge: Dodged            ||    22
Block: Buckler           ||    19

Table legend: (Time is in decaauts)
 A = Elapsed time spent in this place.
 B = Non-inter-level travel time spent in this place.
 C = Inter-level travel time spent in this place.
 D = Time resting spent in this place.
 E = Time spent auto-exploring this place.
 F = Levels seen in this place.
 G = Mean time per level.
                   A        B        C        D        E       F      G
               +--------+--------+--------+--------+--------+-----+--------+
         Total |    275 |    275 |      0 |      0 |    144 |   1 |  275.0 |
       Dungeon |    275 |    275 |      0 |      0 |    144 |   1 |  275.0 |
               +--------+--------+--------+--------+--------+-----+--------+

Top non-repeatable levels by time:
     D:1: 275 daAuts
